Lime, chaotic male elven Priest ---- |.^--- |....---------- --...<)....|...| |...|.-----)|...| ---.----- |...--- G .@..| ----.|.--- G--- --..).|...-- -....----%.-- |.....--.|...-- ---..--.........-- |....|---..---.^.-- |..------.----....| ---- |.>.||.....-- ---.----...--- |...| |....-- ---.--- --....-- |...| --....| |..-- ---.-- ---- --- Lime the Acolyte Experience level: 4 Strength: 13 Dexterity: 10 Constitution: 13 Intelligence: 11 Wisdom: 20 Charisma: 10 Health: 0(26) Energy: 49(49) Def: 8 Gold: 468 Moves: 1884 Dungeon seed: NpCcDJeEg91gWk2j Game ID: Lime_1615468465 Your Inventory: Coins $ - 468 gold pieces Weapons a - a blessed +1 mace (weapon in hand) k - a -1 orcish dagger D - a cursed +0 elven dagger F - 5 +0 darts L - a +0 arrow M - a +1 arrow P - a +0 crossbow (alternate weapon; not wielded) Q - 6 +1 crossbow bolts (in quiver) Armor e - a +0 robe (being worn) n - a +0 small shield (being worn) q - a +0 leather armor (being worn) y - a blessed +1 pair of iron shoes (being worn) z - a +0 dwarvish cloak Comestibles c - a clove of garlic d - a sprig of wolfsbane j - a slime mold G - 2 food rations R - a fortune cookie Scrolls A - a scroll of confuse monster C - a scroll of blank paper E - a scroll of remove curse I - a scroll of light K - a blessed scroll of remove curse Spellbooks f - a spellbook of remove curse g - a spellbook of cure blindness Potions b - 4 potions of holy water H - a potion of confusion J - a potion of gain energy Tools S - a +0 pick-axe Gems r - a worthless piece of yellowish brown glass Spells and supernatural/magical abilities: Name Level Category Fail Memory r - remove curse 3 clerical 0% 91% B - cure blindness 2 healing 14% 91% W - pray for help -- divine ? -- X - turn undead -- divine ? -- Your skills at the end: Fighting Skills Weapon Skills mace [Basic] Spellcasting Skills clerical spells [Basic] Final Attributes: You were piously aligned. You were sleep resistant. You had infravision. You were very fast. You are dead. Vanquished creatures: 2 dwarves 3 coyotes 4 hobbits a brown mold 7 gnomes 3 geckos 4 jackals 2 kobolds a goblin 8 grid bugs a lichen 4 newts 40 creatures vanquished. Voluntary challenges: You were an atheist. You used a wielded weapon 36 times, starting on turn 75. You read items or engraved 3 times, starting on turn 627. You never genocided any monsters. You never polymorphed an object. You never changed form. You used no wishes. You never split a pudding. You never wrote Elbereth's name. You never violated your personal moral code. Dungeon overview: The Dungeons of Doom: levels 1 to 4 Level 1 a long staircase Level 2 a general store Level 3 stairs to The Gnomish Mines Level 4 The Gnomish Mines: Level 4 <- You were here stairs to The Dungeons of Doom History has recorded: On T:1 you entered the Dungeons of Doom to retrieve the Amulet of Yendor! On T:199 you reached level 2 of The Dungeons of Doom. On T:709 you reached level 3 of The Dungeons of Doom. On T:888 you advanced to experience level 2. On T:1106 you advanced to experience level 3. On T:1153 you reached level 4 of The Dungeons of Doom. On T:1687 you reached level 1 of The Gnomish Mines. On T:1770 you advanced to experience level 4. Score breakdown: Gold: 468 ( 9086 points) Experience: 4 levels ( 9649 points) Exploration: 4 levels ( 8.00%) ( 7423 points) Discoveries: 7 items ( 2.45%) ( 4693 points) Valuables value: (no points given unless you survive) Artifact value: 0 ( 0 points) Variety of kills: 12 monsters ( 3.15%) ( 5324 points) Turncount: 1884 turns ( 0 points) Survival: died (score multiplied by 80%) Total score: 28940 Latest messages: y - a blessed pair of hard shoes. R - a fortune cookie. You have a little trouble lifting S - a pick-axe. Your movements are slowed slightly because of your load. You have a little trouble lifting z - a hooded cloak. You start equipping your pair of hard shoes. You hear rumbling in the distance. You are now wearing a pair of hard shoes. You hear rumbling in the distance. (3x) You displace Qwerty. You see here a thonged club. Qwerty drops a thonged club. (2x) The gnome king misses. You miss the gnome king. The gnome king hits! You are suddenly moving much faster. You hear rumbling in the distance. The gnome king hits! You hit the gnome king. (2x) The gnome king hits! You die... Final status: Goodbye Lime the Priest, killed by a gnome king... You died in The Gnomish Mines on dungeon level 4 with 28940 points, and 468 pieces of gold, after 1884 moves. You were level 4 with a maximum of 26 hit points when you died.